 Dungeon Crawl Stone Soup version 0.21.1-1-g345015f (webtiles) character file.

644 letownia2 the Chiller (level 7, 0/51 HPs)
             Began as a Merfolk Ice Elementalist on Feb 13, 2018.
             Slain by a worker ant (1 damage)
             ... on level 6 of the Dungeon.
             The game lasted 00:11:45 (2168 turns).

letownia2 the Chiller (Merfolk Ice Elementalist)    Turns: 2168, Time: 00:11:46

Health: 0/51       AC:  9    Str:  7 (8)  XL:     7   Next: 52%
Magic:  10/12      EV: 12    Int: 16 (17) God:
Gold:   139        SH:  6    Dex: 11 (14) Spells: 6/13 levels left

rFire    . . .     SeeInvis .   b - +0 dagger (speed)
rCold    . . .     Gourm    .   (no shield)
rNeg     . . .     Faith    .   i - +0 leather armour
rPois    .         Spirit   .   (no helmet)
rElec    .         Reflect  +   (no cloak)
rCorr    .         Harm     .   (no gloves)
MR       .....                  (no boots)
Stlth    ++........             v - +6 amulet of reflection
HPRegen  0.17/turn              (no ring)
MPRegen  0.13/turn              (no ring)

@: lethally poisoned (0 -> -7), icy armour, slow
A: change form in water, swift swim, stealthy swim
a: no special abilities


You were on level 6 of the Dungeon.
You were very hungry.

You visited 1 branch of the dungeon, and saw 6 of its levels.
You also visited: Ossuary.

You collected 139 gold pieces.

Inventory:

Hand Weapons
 a - a +0 short sword of venom
 b - a +0 dagger of speed (weapon)
 k - a +0 short sword
 t - a +0 trident
 y - a +0 lajatang
Missiles
 x - 6 tomahawks (quivered)
Armour
 i - a +0 leather armour (worn)
 q - a +0 robe
 w - a +0 buckler
Jewellery
 v - a +6 amulet of reflection (around neck)
Scrolls
 d - 5 scrolls of identify {unknown}
 e - 2 scrolls of remove curse {unknown}
 f - 2 scrolls of amnesia {unknown}
 m - a scroll of magic mapping {unknown}
 n - a scroll of fear {unknown}
 u - a scroll of enchant armour {unknown}
 A - a scroll of enchant weapon {unknown}
Potions
 g - 2 potions of brilliance {unknown}
 h - 2 potions of degeneration
 j - a potion of might {unknown}
 o - 2 potions of curing {unknown}
 p - a potion of haste {unknown}
 s - 2 potions of cancellation {unknown}
 B - a potion of lignification {unknown}
Books
 l - a book of Frost

   Spells                             Type                      Level
   a - Freeze                         Ice                          1
   b - Throw Frost                    Conjuration/Ice              2
   c - Ozocubu's Armour               Charms/Ice                   3
   d - Throw Icicle                   Conjuration/Ice              4
   e - Summon Ice Beast               Ice/Summoning                4
 r - a book of Misfortune

   Spells                             Type                      Level
   a - Confusing Touch                Hexes                        1
   b - Confuse                        Hexes                        3
   c - Gell's Gravitas                Translocation                3
   d - Petrify                        Transmutation/Earth          4
   e - Metabolic Englaciation         Hexes/Ice                    5
   f - Yara's Violent Unravelling     Hexes/Transmutation          5
 z - a book of Changes

   Spells                             Type                      Level
   a - Beastly Appendage              Transmutation                1
   b - Sticks to Snakes               Transmutation                2
   c - Spider Form                    Transmutation/Poison         3
   d - Ice Form                       Ice/Transmutation            4
   e - Blade Hands                    Transmutation                5
Comestibles
 c - 7 rations


   Skills:
 - Level 2.8 Fighting
 - Level 2.6 Dodging
 - Level 2.1 Stealth
 + Level 3.5 Spellcasting
 - Level 2.0 Conjurations
 - Level 2.3 Charms
 + Level 6.9 Ice Magic


You had 6 spell levels left.
You knew the following spells:

 Your Spells              Type           Power        Failure   Level  Hunger
a - Freeze                Ice            ####         1%          1    None
d - Confusing Touch       Hex            #.....       26%         1    None
f - Throw Frost           Conj/Ice       ###...       6%          2    ##.....
o - Ozocubu's Armour      Chrm/Ice       ###.....     12%         3    ###....


Dungeon Overview and Level Annotations

Branches:
Dungeon (6/15)
 Temple: D:4-7

Altars:
Dithmenos
Elyvilon
Gozag
Hepliaklqana
Xom
Yredelemnul

Annotations:
D:3 letownia2's ghost, weakling GrVM


Message History

Casting: Ozocubu's Armour
Confirm with . or Enter, or press ? or * to list all spells.
Aiming: Freeze
Press: ? - help, Shift-Dir - straight line, f - worker ant
Aim: a worker ant (heavily wounded)
You freeze the worker ant.
The worker ant is severely wounded.
* * * LOW HITPOINT WARNING * * *
You feel sick.
The worker ant bites you but does no damage.
Unknown command.
* * * LOW HITPOINT WARNING * * *
You feel sick.
There is a stone staircase leading up here.
It was a potion of degeneration.
There was something very wrong with that liquid.
You feel weakened.
You feel dopey.
You feel clumsy.
* * * LOW HITPOINT WARNING * * *
You feel sick. The worker ant bites you.
You die...

.... . #.#.#
. ...% .#
##..# #.#
....###..#
##..#!.###
#...h....#
#.#a#..#..h.
#@##.... .
#.# #####
#.# ... ###


You could see a howler monkey and a worker ant.

Vanquished Creatures
  A centaur (D:5)
  A big kobold (D:4)
  A scorpion (D:5)
  A bullfrog zombie (D:5)
  A jelly (D:5)
  An orc priest (D:5)
  5 orc wizards
  An iguana (D:4)
  2 worker ants
  5 adders
  A river rat (D:4)
  An ooze (D:1)
  An adder zombie (D:5)
  A worm (D:4)
  2 dart slugs
  2 leopard geckos
  17 orcs
  3 giant cockroaches
  3 goblins
  5 hobgoblins
  8 jackals
  A ball python (D:1)
  4 frilled lizards
  4 kobolds
  A quokka skeleton (D:4)
  7 rats
80 creatures vanquished.

Notes
Turn   | Place    | Note
-------+----------+-------------------------------------------
     0 | D:1      | letownia2 the Merfolk Ice Elementalist began the quest for the Orb.
     0 | D:1      | Reached XP level 1. HP: 13/13 MP: 3/3
     6 | D:1      | Noticed an electric eel
   114 | D:1      | Reached XP level 2. HP: 11/19 MP: 0/5
   188 | D:1      | Reached skill level 4 in Ice Magic
   267 | D:2      | Found a faded altar of an unknown god.
   335 | D:2      | Learned a level 2 spell: Throw Frost
   380 | D:2      | Reached XP level 3. HP: 18/24 MP: 2/6
   481 | D:2      | Learned a level 3 spell: Ozocubu's Armour
   595 | D:3      | Reached skill level 1 in Charms
   595 | D:3      | Reached skill level 5 in Ice Magic
   595 | D:3      | Reached XP level 4. HP: 28/30 MP: 3/7
   618 | D:3      | Found a hazy altar of Hepliaklqana.
   621 | D:3      | Noticed letownia2's ghost (weakling GrVM)
   757 | D:3      | Reached XP level 5. HP: 24/35 MP: 0/8
   763 | D:4      | Learned a level 1 spell: Confusing Touch
   781 | D:4      | Found a sand-covered staircase.
   828 | D:4      | Reached skill level 1 in Conjurations
  1017 | D:4      | Reached skill level 6 in Ice Magic
  1024 | D:4      | Found a glowing drain.
  1096 | D:4      | Reached XP level 6. HP: 26/42 MP: 4/9
  1124 | D:4      | Reached skill level 1 in Fighting
  1188 | D:4      | Found a basalt altar of Yredelemnul.
  1238 | D:4      | Found a white marble altar of Elyvilon.
  1293 | Ossuary  | Entered an ossuary
  1323 | D:5      | Entered Level 5 of the Dungeon
  1598 | D:5      | Noticed an ice beast
  1682 | D:5      | Reached XP level 7. HP: 32/50 MP: 6/11
  1685 | D:5      | Found a shadowy altar of Dithmenos.
  1878 | D:5      | Found an opulent altar of Gozag.
  2067 | D:5      | Found a shimmering altar of Xom.
  2167 | D:6      | HP: 2/51 [poisoned by a worker ant]
  2168 | D:6      | Slain by a worker ant

Skill      XL: |  1  2  3  4  5  6  7 |
---------------+----------------------+-----
Ice Magic      | 4 5 6 |  6.9
Charms         | 1 2 |  2.3
Conjurations   | 1 2 |  2.0
Fighting       | 2 |  2.8
Spellcasting   | 3 |  3.5
Dodging        | |  2.6
Stealth        | |  2.1

Action                   |  1- 3 |  4- 6 |  7- 9 || total
-------------------------+-------+-------+-------++-------
Melee: Unarmed           |    15 |       |       ||    15
       Short sword       |     2 |    44 |    10 ||    56
       Dagger            |     2 |    24 |    57 ||    83
 Cast: Freeze            |    34 |    64 |    19 ||   117
       Throw Frost       |     3 |       |     1 ||     4
       Ozocubu's Armour  |       |     2 |     6 ||     8
  Use: Potion            |       |       |     1 ||     1
 Stab: Sleeping          |       |     1 |       ||     1
  Eat: Chunk             |       |     4 |     2 ||     6
Armor: Robe              |     6 |       |       ||     6
       Leather armour    |     3 |    18 |    35 ||    56
Dodge: Dodged            |    24 |    79 |    54 ||   157
Block: Other             |       |    22 |    28 ||    50
       Reflection        |       |     1 |       ||     1
